 Dungeon Crawl Stone Soup version 0.28.0-53-g5a82cb258f (webtiles) character file.

Game seed: 9861380522184726944

129 bnorton916 the Magician (level 4, 0/24 HPs)
             Began as a Deep Elf Fire Elementalist on May 29, 2022.
             Slain by a bullfrog zombie (4 damage)
             ... on level 4 of the Dungeon.
             The game lasted 00:03:33 (3702 turns).

bnorton916 the Magician (DEFE)                      Turns: 3702, Time: 00:03:33

Health: 0/24       AC:  5    Str:  5    XL:     4   Next: 88%
Magic:  3/12       EV: 12    Int: 22    God:
Gold:   160        SH:  0    Dex: 15    Spells: 11/12 levels left

rFire   . . .      SeeInvis .   p - +2 spear (flame)
rCold   . . .      Faith    .   i - orb {light}
rNeg    . . .      Spirit   .   a - +0 robe
rPois   .          Reflect  .   q - +0 helmet
rElec   .          Harm     .   (no cloak)
rCorr   .          Rampage  .   n - +0 pair of gloves
Will    .....                   o - +0 pair of boots
Stlth   +.........              (no amulet)
HPRegen 0.08/turn               (no ring)
MPRegen 0.13/turn               (no ring)

@: glowing
A: no striking features
a: no special abilities


You were on level 4 of the Dungeon.
You visited 1 branch of the dungeon, and saw 4 of its levels.

You collected 160 gold pieces.

Inventory:

Hand Weapons
 p - a +2 spear of flaming (weapon)
Missiles
 f - 47 stones
Armour
 a - a +0 robe (worn)
 i - an orb of light (worn)
 n - a +0 pair of gloves (worn)
 o - a +0 pair of boots (worn)
 q - a +0 helmet (worn)
Magical Staves
 k - a staff of cold
Jewellery
 m - a +6 ring of strength
Scrolls
 c - 3 scrolls of teleportation
 e - 2 scrolls of identify {unknown}
 g - 2 scrolls of fear {unknown}
 h - a scroll of brand weapon {unknown}
 l - 2 scrolls of fog {unknown}
Potions
 b - a potion of haste {unknown}
 d - a potion of flight {unknown}
 j - a potion of heal wounds {unknown}
 r - 2 potions of curing {unknown}


   Skills:
 - Level 2.4 Dodging
 - Level 2.4 Stealth
 + Level 4.5 Spellcasting
 + Level 2.9 Conjurations
 + Level 4.3 Fire Magic
 + Level 1.3 Poison Magic


You had 11 spell levels left.
You knew the following spells:

 Your Spells              Type           Power      Damage    Failure   Level
a - Foxfire               Conj/Fire      84%        2x1d8     2%          1

Your spell library contained the following spells:

 Spells                   Type           Power      Damage    Failure   Level
 Scorch                   Fire           48%        2d7       2%          2
 Conjure Flame            Conj/Fire      21%        6-21      7%          3
 Animate Skeleton         Necr           8%         N/A       11%         1
 Pain                     Necr           16%        1d4       11%         1
 Inner Flame              Hex/Fire       14%        N/A       13%         3
 Ignite Poison            Fire/Tmut/Pois 13%        N/A       14%         3
 Mephitic Cloud           Conj/Pois/Air  11%        N/A       19%         3
 Flame Wave               Conj/Fire      21%        2d7       24%         4
 Vampiric Draining        Necr           4%         2d6       32%         3
 Freezing Cloud           Conj/Ice/Air   4%         6-21      89%         5


Dungeon Overview and Level Annotations

Branches:
Dungeon (4/15)
 Temple: D:4-7

Altars:
Hepliaklqana

Shops:
D:3 (


Message History

The centaur zombie kicks you. The centaur zombie hits you.
The centaur zombie kicks you but does no damage.
The centaur zombie hits you but does no damage.
The centaur zombie barely misses you. The orc hits you with a +0 falchion.
The centaur zombie misses you. The centaur zombie kicks you.
The centaur zombie misses you. The centaur zombie barely misses you.
You hit the centaur zombie. You burn the centaur zombie.
The centaur zombie is moderately damaged.
The centaur zombie hits you.
The centaur zombie kicks you but does no damage.
As you read the scroll labelled KUEGAE SUALEXA, it crumbles to dust.
You feel strangely unstable.
It was a scroll of teleportation.
The centaur zombie hits you. The centaur zombie kicks you.
The orc hits you but does no damage.
You hit the orc. You burn the orc.
The orc is heavily wounded.
The centaur zombie closely misses you. The centaur zombie barely misses you.
The orc closely misses you.
The centaur zombie barely misses you. x2
The orc hits you with a +0 falchion.
You hit the orc. You burn the orc.
You kill the orc!
The centaur zombie hits you.
* * * LOW HITPOINT WARNING * * *
The centaur zombie kicks you but does no damage.
Your surroundings suddenly seem different.
Found a scroll labelled CYMISA XIRIFI.
A bullfrog zombie and an adder zombie come into view.
Found an escape hatch in the floor.
The adder zombie moves out of view.
You hit the bullfrog zombie. You burn the bullfrog zombie.
The bullfrog zombie is lightly damaged.
The bullfrog zombie hits you.
* * * LOW HITPOINT WARNING * * *
You hit the bullfrog zombie. You burn the bullfrog zombie.
The bullfrog zombie is moderately damaged.
The bullfrog zombie hits you but does no damage.
You hit the bullfrog zombie. You burn the bullfrog zombie.
The bullfrog zombie is heavily damaged.
The bullfrog zombie hits you.
You die...

.# ##.##
.... ...
..# >.#
#####Z.#
#...@..#
######?#
.. ...
... .. .


You could see a bullfrog zombie.

Vanquished Creatures
  A hound skeleton (D:4)
  Robin (D:3)
  3 gnolls (D:4)
  3 dart slugs
  2 orcs
  4 ball pythons
  7 endoplasms
  12 goblins
  11 hobgoblins
  2 quokkas
  6 bats
  5 kobolds
  8 rats
65 creatures vanquished.

Vanquished Creatures (collateral kills)
  7 foxfires (D:4)
7 creatures vanquished.

Vanquished Creatures (others)
  298 foxfires
  9 plants (D:4)
  3 withered plants (D:4)
310 creatures vanquished.

Grand Total: 382 creatures vanquished

Notes
Turn   | Place    | Note
-------+----------+-------------------------------------------
     0 | D:1      | bnorton916 the Deep Elf Fire Elementalist began the quest
                  | for the Orb.
     0 | D:1      | Reached XP level 1. HP: 10/10 MP: 6/6
   277 | D:1      | Reached XP level 2. HP: 15/15 MP: 6/8
  1313 | D:2      | Reached XP level 3. HP: 19/19 MP: 8/10
  2256 | D:3      | Found a faded altar of an unknown god.
  2323 | D:3      | Found a hazy altar of Hepliaklqana.
  3084 | D:3      | Noticed Robin
  3108 | D:3      | Reached XP level 4. HP: 17/24 MP: 10/12
  3119 | D:3      | Killed Robin
  3477 | D:3      | Found Ilujut's Weapon Shoppe.
  3617 | D:4      | Reached skill level 1 in Poison Magic
  3702 | D:4      | Slain by a bullfrog zombie

Illustrated notes

Levels and vault maps discovered:
D:1:      dpeg_arrival_connections, layout_basic, minmay_pentomino_o2
D:2:      cheibrodos_helix_gallery, layout_rooms
D:3:      layout_loops_ring, old_standard_altar, basic_ecumenical_altar,
          serial_shops, shop, uniq_robin
D:4:      layout_loops_ring, nicolae_overflow_hidden_temple,
          kiku_gazebo_garden_becter, minmay_temple_entry_statues, serial_undead,
          serial_undead_c, serial_undead_d, serial_undead_e, serial_undead_c,
          serial_undead_d, serial_undead_e, serial_undead_b, serial_undead_a,
          serial_undead_e, serial_undead_c, nicolae_grassy_gnolls, uniq_pargi

Skill      XL: |  1  2  3  4 |
---------------+-------------+-----
Conjurations   | 2 |  2.9
Fire Magic     | 4 |  4.3
Spellcasting   | 4 |  4.5
Poison Magic   | 1 |  1.3
Dodging        | |  2.4
Stealth        | |  2.4

Action                   |  1- 3 |  4- 6 || total
-------------------------+-------+-------++-------
Melee: Spear             |       |     6 ||     6
 Cast: Foxfire           |   157 |    33 ||   190
  Use: Scroll            |       |     1 ||     1
Armor: Robe              |     5 |     9 ||    14
Dodge: Dodged            |    16 |    12 ||    28
